 Dungeon Crawl Stone Soup version 0.30.1-3-gfc49f6343a (webtiles) character file.

Game seed: 7961157581494879831

3647 Wiggles the Cleaver (level 9, -5/82 HPs)
             Began as a Minotaur Berserker on July 24, 2023.
             Was an Elder of Trog.
             Slain by a vampire
             ... wielding a +1 vampiric halberd
              (7 damage)
             ... in a bailey.
             The game lasted 00:11:51 (6076 turns).

Wiggles the Cleaver (Minotaur Berserker)            Turns: 6076, Time: 00:11:52

Health: -5/82      AC: 17    Str: 26    XL:     9   Next: 88%
Magic:  8/8        EV: 10    Int:  4    God:    Trog [****..]
Gold:   1189       SH:  0    Dex: 10    Spells: 8/8 levels left

rFire   . . .        a - +3 battleaxe (freeze)
rCold   . . .        (shield currently unavailable)
rNeg    . . .        f - +0 chain mail
rPois   +            (helmet restricted)
rElec   .            o - +1 cloak
rCorr   .            (no gloves)
SInv    .            (no boots)
Will    .....        (no amulet) Stlth
                     t - ring of poison resistance
HPRegen 0.33/turn    u - +4 ring of protection
MPRegen 0.11/turn

%: no passive effects
@: on berserk cooldown, slowed, very slow
A: horns 2, retaliatory headbutt
a: Renounce Religion, Berserk, Trog's Hand, Brothers in Arms


You were in a bailey.
You worshipped Trog.
Trog was greatly pleased with you.
You visited 1 branch of the dungeon, and saw 7 of its levels.
You also visited: Bailey.

You collected 1189 gold pieces.

Inventory:

Hand Weapons
 a - a +3 battleaxe of freezing (weapon)
 y - a +1 heavy war axe
Missiles
 v - a throwing net (quivered)
Armour
 f - a +0 chain mail (worn)
 o - a +1 cloak (worn)
Jewellery
 t - a ring of poison resistance (left hand)
 u - a +4 ring of protection (right hand)
Scrolls
 d - 2 scrolls of teleportation
 i - 5 scrolls of noise
 n - 2 scrolls of vulnerability
 r - 3 scrolls of amnesia
 x - a scroll of fog
Potions
 b - a potion of invisibility {unknown}
 c - 3 potions of curing
 e - 2 potions of mutation
 g - 2 potions of attraction {unknown}
 j - a potion of magic {unknown}
 k - 3 potions of heal wounds
 m - a potion of berserk rage {unknown}
 p - 2 potions of flight {unknown}
 s - a potion of might {unknown}


   Skills:
 + Level 8.7 Fighting
 + Level 11.5 Axes
 + Level 9.5 Armour
 + Level 4.3 Dodging
 + Level 1.1 Stealth


You had 8 spell levels left.
You didn't know any spells.
Your spell library was empty.

Dungeon Overview and Level Annotations

Branches:
Dungeon (7/15)             Bailey (1/1)
 Temple: D:4-7

Altars:
Kikubaaqudgha
Ru
Uskayaw
Wu Jian
Xom
Yredelemnul
The Shining One

Shops:
D:5 *


Innate Abilities, Weirdness & Mutations

You have a pair of horns on your head.
You reflexively headbutt those who attack you in melee.


Message History

The vampire hits you with a +1 vampiric halberd!
The vampire draws strength from your wounds!
The vampire bites you.
The vampire draws strength from your injuries!
You hit the vampire but do no damage.
You headbutt the vampire, but do no damage.
The vampire is heavily damaged.
The vampire hits you with a +1 vampiric halberd!
The vampire draws strength from your wounds!
The vampire barely misses you.
The vampire hits you with a +1 vampiric halberd!
The vampire bites you but does no damage.
You barely miss the vampire.
The vampire is heavily damaged.
The vampire hits you with a +1 vampiric halberd.
The vampire draws strength from your wounds!
The vampire bites you!
The vampire draws strength from your injuries!
The vampire hits you with a +1 vampiric halberd!
* * * LOW HITPOINT WARNING * * *
The vampire draws strength from your wounds!
The vampire closely misses you.
You closely miss the vampire. Your headbutt misses the vampire.
The vampire is lightly damaged.
The vampire gestures at you while chanting.
You resist with some effort.
You hit the vampire.
The vampire is lightly damaged.
The vampire hits you with a +1 vampiric halberd!
* * * LOW HITPOINT WARNING * * *
The vampire draws strength from your wounds!
The vampire bites you but does no damage.
The vampire hits you with a +1 vampiric halberd!
* * * LOW HITPOINT WARNING * * *
The vampire draws strength from your wounds!
The vampire barely misses you.
You hit the vampire.
The vampire is lightly damaged.
The vampire hits you with a +1 vampiric halberd!
You die...

#8....##...##''###
#######.).##....##
#8.......##......##
#8.......#...##...#
##########..## #..#
#..####..#
#8..##..8#
##!!..[[## ##8!V@##
######


You could see a vampire.

Vanquished Creatures
  A gargoyle (Bailey)
  A troll (D:6)
  4 water moccasins
  A black bear (D:5)
  2 ice beasts
  2 sky beasts (D:7)
  2 ogres
  2 phantoms
  3 bullfrogs
  5 scorpions
  A gnoll sergeant (D:5)
  6 wights
  2 jellies (D:7)
  9 vampire bats (Bailey)
  A howler monkey (D:6)
  Crazy Yiuf (D:3)
  An orc priest (D:3)
  5 hounds
  8 orc wizards
  An iguana (D:6)
  4 gnolls (D:5)
  6 adders
  2 worms (D:4)
  2 dart slugs (D:2)
  19 orcs
  5 ball pythons
  4 bats
  4 endoplasms
  2 giant cockroaches
  10 goblins
  10 hobgoblins
  2 jackals (D:1)
  6 quokkas
  3 frilled lizards
  6 kobolds
  13 orc zombies (Bailey)
  5 rats
161 creatures vanquished.

Vanquished Creatures (others)
  An orc wizard (D:5)
1 creature vanquished.

Grand Total: 162 creatures vanquished

Notes
Turn   | Place    | Note
-------+----------+-------------------------------------------
     0 | D:1      | Wiggles the Minotaur Berserker began the quest for the Orb.
     0 | D:1      | Reached XP level 1. HP: 19/19 MP: 0/0
   270 | D:1      | Reached XP level 2. HP: 22/27 MP: 1/1
   307 | D:1      | Reached skill level 4 in Axes
  1062 | D:2      | Reached XP level 3. HP: 32/33 MP: 2/2
  1578 | D:3      | Reached ** piety under Trog
  1589 | D:3      | Found a sacrificial altar of Ru.
  1598 | D:3      | Found an ancient bone altar of Kikubaaqudgha.
  1602 | D:3      | Found an ornate altar of the Wu Jian Council.
  1612 | D:3      | Reached XP level 4. HP: 24/41 MP: 3/3
  1687 | D:3      | Found a basalt altar of Yredelemnul.
  1706 | D:3      | Reached skill level 5 in Axes
  1766 | D:3      | You fall into a shaft and drop 2 floors!
  1766 | D:5      | Entered Level 5 of the Dungeon
  1769 | D:5      | Noticed a scorpion
  1772 | D:5      | Killed a scorpion
  1773 | D:5      | Reached XP level 5. HP: 47/47 MP: 4/4
  1802 | D:5      | Found a hide-covered altar of Uskayaw.
  1831 | D:5      | Noticed an ice beast
  1838 | D:5      | Killed an ice beast
  1839 | D:5      | Reached skill level 5 in Fighting
  1839 | D:5      | Reached skill level 6 in Axes
  2216 | D:3      | Found a runed translucent door.
  2217 | D:3      | Noticed Crazy Yiuf
  2223 | D:3      | Killed Crazy Yiuf
  2224 | D:3      | Reached XP level 6. HP: 56/56 MP: 5/5
  3048 | D:5      | Reached XP level 7. HP: 32/61 MP: 6/6
  3167 | D:5      | Reached skill level 7 in Axes
  3229 | D:5      | Reached skill level 5 in Armour
  3411 | D:5      | Found Zymeh's Serpentskin Sales.
  3432 | D:5      | Reached XP level 8. HP: 28/70 MP: 7/7
  3435 | D:5      | Reached skill level 8 in Axes
  3706 | D:5      | Reached skill level 1 in Stealth
  4090 | D:5      | Reached *** piety under Trog
  4449 | D:6      | Reached skill level 9 in Axes
  4573 | D:6      | Found a shimmering altar of Xom.
  4635 | D:6      | Noticed a troll
  4643 | D:6      | Killed a troll
  4705 | D:6      | Reached XP level 9. HP: 79/79 MP: 8/8
  4722 | D:6      | Found a glowing golden altar of the Shining One.
  4927 | D:6      | Reached skill level 10 in Axes
  5323 | D:6      | Identified a scroll of acquirement
  5323 | D:6      | Acquired 933 gold pieces
  5501 | D:7      | Found a flagged portal.
  5531 | D:7      | Reached skill level 11 in Axes
  5534 | D:7      | Reached **** piety under Trog
  5559 | Bailey   | Entered a bailey
  5938 | Bailey   | Noticed a gargoyle
  5946 | Bailey   | Killed a gargoyle
  6067 | Bailey   | Identified the +14 crystal plate armour "Jelekeve" {rN+
                  | Will- Str+3 Dex+5}
  6075 | Bailey   | HP: 2/82 [vampire/+1 vampiric halberd (12)]
  6076 | Bailey   | Slain by a vampire

Illustrated notes

Levels and vault maps discovered:
D:1:      dpeg_chamrin_arrival_tetris, layout_basic
D:2:      layout_rooms
D:3:      layout_basic, grunt_temple_overflow_open, hangedman_decor_growths,
          minmay_randomly_rotated_circles, uniq_crazy_yiuf_cottage
D:4:      layout_gridville
D:5:      layout_rooms, mainiacjoe_overflow_surrounded_room,
          serial_co_window_serial, co_window_paths_a, co_window_paths_b,
          co_window_paths_a, co_window_corner_a, co_window_corner_a,
          co_window_cross_4, co_window_paths_c, co_window_broadway_b,
          co_window_broadway_c, co_window_2corner, co_window_2corner,
          co_window_corner_cb, glass_columns_c, glass_columns_c,
          glass_columns_a, glass_columns_c, glass_columns_a, guppyfry_shop_venom
D:6:      layout_loops_ring, nicolae_overflow_crystal_walls,
          general_overflow_altar
D:7:      layout_gridville, minmay_temple_entry_arrows, enter_bailey_5
Bailey:   bailey_polearm_vampire_castle_hellmonk, bailey

Skill      XL: |  1  2  3  4  5  6  7  8  9 |
---------------+----------------------------+-----
Fighting       | 4 5 6 7 8 |  8.7
Axes           | 4 5 6 7 9 11 | 11.5
Armour         | 3 4 6 8 9 |  9.5
Dodging        | 3 4 |  4.3
Stealth        | 1 |  1.1

Action                     |  1- 3 |  4- 6 |  7- 9 || total
---------------------------+-------+-------+-------++-------
  Melee: Hand axe          |    80 |    94 |   128 ||   302
         Headbutt          |     2 |    16 |    40 ||    58
         Punch             |       |     1 |     1 ||     2
         War axe           |       |       |   126 ||   126
         Battleaxe         |       |       |    41 ||    41
 Invoke: Berserk           |       |     3 |     5 ||     8
    Use: Scroll            |       |       |    17 ||    17
 Armour: Leather armour    |    23 |     2 |       ||    25
         Scale mail        |       |     1 |       ||     1
         Chain mail        |       |    42 |   257 ||   299
  Dodge: Dodged            |    49 |    34 |   163 ||   246
